 Dungeon Crawl Stone Soup version 0.20-a0-1116-gaa52201 (webtiles) character file.

21871 JeffiDaFish the Basher (level 12, -2/69 HPs)
             Began as a Gargoyle Fighter on May 8, 2017.
             Was the Champion of Okawaru.
             Slain by a death yak (13 damage)
             ... on level 3 of the Lair of Beasts.
             The game lasted 00:23:13 (10287 turns).

JeffiDaFish the Basher (Gargoyle Fighter)          Turns: 10287, Time: 00:23:14

Health: -2/69      AC: 34    Str: 24    XL:     12   Next: 94%
Magic:  4/4        EV:  8    Int:  5    God:    Okawaru [******]
Gold:   469        SH: 14    Dex: 24    Spells: 11/11 levels left

rFire    + . .     SeeInvis +   B - +5 whip "Feforuha" {antimagic, rC++ Dex+7 Stlth-}
rCold    + + .     Gourm    .   c - +0 shield
rNeg     + . .     Faith    .   d - +2 plate armour
rPois    ∞         Spirit   .   (helmet restricted)
rElec    +         Reflect  .   j - +2 cloak
rCorr    .         Harm     .   (no gloves)
MR       .....                  u - +2 pair of boots of the Stars {rF+ Str+4 Int-5 SInv}
Stlth    ..........             (no amulet)
Regen    0.3/turn               s - +4 ring of dexterity
MPRegen  0.1/turn               (no ring)

@: no status effects
A: horns 1, yellow scales 1, frail 1, negative energy resistance 1, electricity
resistance, unbreathing, petrification resistance, rot immunity, AC +8
a: Heroism, Finesse, Renounce Religion


You were on level 3 of the Lair of Beasts.
You worshipped Okawaru.
Okawaru was exalted by your worship.
You were not hungry.

You visited 2 branches of the dungeon, and saw 12 of its levels.
You also visited: Labyrinth.

You collected 469 gold pieces.

Inventory:

Hand Weapons
 n - a +4 morningstar of holy wrath
 t - a +2 hand crossbow of flaming
 B - the +5 whip "Feforuha" (weapon) {antimagic, rC++ Dex+7 Stlth-}
   (You took it off a minotaur in a labyrinth)

   It reduces the magical energy of the wielder, and disrupts the spells and
   magical abilities of those hit.
   Natural abilities and divine invocations are not affected.
   It affects your dexterity (+7).
   It greatly protects you from cold.
   It makes you less stealthy.
Armour
 c - a +0 shield (worn)
 d - a +2 plate armour (worn)
 j - a +2 cloak (worn)
 u - the +2 pair of boots of the Stars (worn) {rF+ Str+4 Int-5 SInv}
   (You found it on level 9 of the Dungeon)

   It affects your strength (+4).
   It affects your intelligence (-5).
   It protects you from fire.
   It lets you see invisible.
Jewellery
 s - a +4 ring of dexterity (left hand)
Scrolls
 a - a scroll of enchant weapon
 b - a scroll of blinking
 e - 4 scrolls of identify
 o - a scroll of recharging
 p - 4 scrolls of remove curse
 w - 4 scrolls of teleportation
Potions
 g - 2 potions of brilliance
 i - a potion of heal wounds
 m - a potion of flight
 r - 2 potions of curing
Books
 v - a book of Unlife

   Spells                             Type                      Level
   a - Recall                         Summoning/Translocation      3
   b - Animate Dead                   Necromancy                   4
   c - Control Undead                 Necromancy                   4
   d - Cigotuvi's Embrace             Necromancy                   5
   e - Death Channel                  Necromancy                   6
   f - Simulacrum                     Ice/Necromancy               6
 z - a book of the Tempests

   Spells                             Type                      Level
   a - Static Discharge               Conjuration/Air              3
   b - Lightning Bolt                 Conjuration/Air              5
   c - Ignition                       Fire                         8
   d - Tornado                        Air                          9
   e - Shatter                        Earth                        9
Comestibles
 f - 17 bread rations
 h - 6 meat rations
 k - 8 royal jellies
 l - 7 fruits


   Skills:
 + Level 9.7 Fighting
 + Level 14.3 Maces & Flails
 + Level 9.7 Armour
 + Level 2.1 Dodging
 + Level 1.4 Stealth
 + Level 10.7 Shields
 + Level 0.2 Invocations


You had 11 spell levels left.
You didn't know any spells.

Dungeon Overview and Level Annotations

Branches:
Dungeon (9/15)             Temple (0/1) D:5            Lair (3/6) D:9
  Snake (0/4) Lair:3
  Swamp: Lair:2-4    Shoals: Lair:2-4       Orc: D:9-12

Altars:
Gozag
Nemelex Xobeh
Okawaru
Sif Muna
Xom
Yredelemnul

Shops:
D:5 (

Annotations:
Lair:2 exclusion: 2 oklob plants


Innate Abilities, Weirdness & Mutations

You are resistant to torment.
Your stone body is resilient. (AC +8)
You are immune to poison.
You resist negative energy. (rN+)
You are resistant to electric shocks. (rElec)
You can survive without breathing.
You are immune to petrification.
You are immune to rotting.
You have a pair of small horns on your head.
You are partially covered in yellow scales. (AC +2)
You are frail. (-10% HP)


Message History

The death yak is severely wounded.
You block the death yak's attack.
You hit the death yak but do no damage. You headbutt the death yak.
The death yak is severely wounded.
You hit the death yak but do no damage.
You headbutt the death yak, but do no damage.
The death yak is severely wounded.
The death yak gores you!
* * * LOW HITPOINT WARNING * * *
You hit the death yak. Your headbutt misses the death yak.
The death yak is severely wounded.
You hit the death yak but do no damage.
The death yak is severely wounded.
You block the death yak's attack.
You hit the death yak but do no damage.
The death yak is severely wounded.
You hit the death yak. You headbutt the death yak!
The death yak is almost dead.
The death yak gores you!
You die...

**........P..#........
*,,.Y..............##.
****............#...#.
*,.................
**#................
####.........*...#..
#.#.#........*#..#..
##†....##.......#...
#.Y@.......#........
###..............##.
##.......#...,,...
#...#.......,,...
###.........,,.(.
#..#.......,,.P#
##..#.....,,,.P#
##.##.#...,,,...
#........#,,,...


You could see a death yak.

Vanquished Creatures
  A minotaur (Lab)
  3 two-headed ogres
  Erica (D:9)
  3 death yaks (Lair:3)
  A black mamba (Lair:2)
  7 spiny frogs
  A komodo dragon (Lair:3)
  A kobold demonologist (D:9)
  8 hippogriffs
  Sigmund (D:4)
  23 yaks
  3 hogs (D:7)
  2 wyverns
  A basilisk (D:9)
  A human (D:7)
  4 hungry ghosts (Lab)
  A naga (Lair:3)
  9 porcupines
  6 water moccasins
  4 ice beasts
  2 phantoms (D:7)
  4 ogres
  2 black bears
  3 wolves (Lair:2)
  A sky beast (D:7)
  4 centaurs
  The ghost of Strat the Conjurer, an amateur HuWz (D:3)
  10 crocodiles
  17 big kobolds (D:9)
  10 bullfrogs
  3 scorpions
  3 wights (D:7)
  2 howler monkeys
  2 crimson imps
  2 quasits
  2 jellies
  A bullfrog zombie (D:6)
  6 hounds
  An orc priest (D:5)
  An orc wizard (D:5)
  A centaur skeleton (D:7)
  5 iguanas
  9 worker ants
  A hound skeleton (D:8)
  20 adders
  2 shadow imps
  An adder skeleton (D:5)
  A worm (D:2)
  4 dart slugs (D:2)
  9 leopard geckos
  20 orcs
  2 ball pythons (D:3)
  8 giant cockroaches
  14 goblins
  11 hobgoblins
  3 jackals
  5 quokkas
  9 bats
  6 frilled lizards
  29 kobolds
  A leopard gecko skeleton (D:4)
  A quokka skeleton (D:4)
  A quokka zombie (D:9)
  4 rats
325 creatures vanquished.

Vanquished Creatures (others)
  2 fungi (D:9)
  A plant (Lair:2)
3 creatures vanquished.

Grand Total: 328 creatures vanquished

Notes
Turn   | Place    | Note
-------+----------+-------------------------------------------
     0 | D:1      | JeffiDaFish the Gargoyle Fighter began the quest for the Orb.
     0 | D:1      | Reached XP level 1. HP: 14/14 MP: 1/1
   140 | D:1      | Reached XP level 2. HP: 16/19 MP: 2/2
   368 | D:1      | Reached XP level 3. HP: 23/23 MP: 3/3
   763 | D:2      | Found a deep blue altar of Sif Muna.
   821 | D:2      | Reached XP level 4. HP: 28/28 MP: 4/4
  1162 | D:2      | Reached skill level 3 in Maces & Flails
  1414 | D:3      | Found an opulent altar of Gozag.
  1435 | D:3      | Reached skill level 1 in Dodging
  1435 | D:3      | Reached XP level 5. HP: 18/32 MP: 5/5
  1707 | D:3      | Noticed Strat's ghost (amateur HuWz)
  1716 | D:3      | Killed Strat's ghost
  1716 | D:3      | Reached skill level 4 in Maces & Flails
  1925 | D:3      | You fall through a shaft for 2 floors!
  1925 | D:5      | Entered Level 5 of the Dungeon
  1966 | D:4      | Gained mutation: You are frail. (-10% HP) [potion of mutation]
  1966 | D:4      | Gained mutation: You have a pair of small horns on your head. [potion of mutation]
  1966 | D:4      | Gained mutation: You are partially covered in yellow scales. (AC +2) [potion of mutation]
  2004 | D:4      | Reached XP level 6. HP: 34/34 MP: 6/6
  2533 | D:4      | Found a basalt altar of Yredelemnul.
  2536 | D:4      | Noticed Sigmund
  3123 | D:4      | Reached skill level 5 in Maces & Flails
  3123 | D:4      | Reached XP level 7. HP: 34/38 MP: 7/7
  3241 | D:5      | Reached skill level 5 in Shields
  3251 | D:5      | Found an iron altar of Okawaru.
  3254 | D:5      | Became a worshipper of Warmaster Okawaru
  3382 | D:5      | Found Dox Soet's Weapon Emporium.
  3509 | D:5      | Found a shimmering altar of Xom.
  3576 | D:5      | Found a staircase to the Ecumenical Temple.
  3693 | D:5      | Reached skill level 6 in Maces & Flails
  3693 | D:5      | Reached XP level 8. HP: 42/43 MP: 8/8
  3748 | D:4      | Killed Sigmund
  3748 | D:4      | Reached * piety under Okawaru
  3748 | D:4      | Reached skill level 5 in Armour
  3818 | D:5      | Found a sparkling altar of Nemelex Xobeh.
  3955 | D:5      | Found a shimmering altar of Xom.
  3958 | D:5      | Found a shimmering altar of Xom.
  3959 | D:5      | Found a shimmering altar of Xom.
  3966 | D:5      | Found a shimmering altar of Xom.
  3966 | D:5      | Found a shimmering altar of Xom.
  3967 | D:5      | Found a shimmering altar of Xom.
  4236 | D:6      | Reached skill level 7 in Maces & Flails
  4284 | D:6      | Reached skill level 5 in Fighting
  4431 | D:6      | Reached ** piety under Okawaru
  4858 | D:6      | Reached skill level 8 in Maces & Flails
  4940 | D:7      | Reached XP level 9. HP: 47/48 MP: 9/9
  5008 | D:7      | Reached *** piety under Okawaru
  5028 | D:7      | Reached skill level 9 in Maces & Flails
  5161 | D:7      | Identified the cursed +3 rapier of Bounoif {pierce, Str+4} (You found it on level 7 of the Dungeon)
  5268 | D:7      | Found an iron altar of Okawaru.
  5410 | D:7      | Reached skill level 1 in Stealth
  5553 | D:7      | Reached **** piety under Okawaru
  5553 | D:7      | Reached XP level 10. HP: 48/54 MP: 10/10
  5559 | D:7      | Reached skill level 10 in Maces & Flails
  5966 | D:8      | Noticed a two-headed ogre
  5977 | D:8      | Killed a two-headed ogre
  5977 | D:8      | Reached skill level 11 in Maces & Flails
  6053 | D:8      | Noticed a two-headed ogre
  6195 | D:8      | Reached ***** piety under Okawaru
  6321 | D:8      | Killed a two-headed ogre
  6755 | D:9      | Noticed Erica
  6778 | D:9      | Killed Erica
  6778 | D:9      | Reached XP level 11. HP: 59/60 MP: 11/11
  6877 | D:9      | Reached skill level 12 in Maces & Flails
  6887 | D:9      | Received a gift from Okawaru
  7096 | D:9      | Found a staircase to the Lair.
  7395 | D:9      | Noticed a two-headed ogre
  7401 | D:9      | Killed a two-headed ogre
  7577 | D:9      | Identified the +2 pair of boots of the Stars {rF+ Str+4 Int-5 SInv} (You found it on level 9 of the Dungeon)
  7688 | Lair:1   | Entered Level 1 of the Lair of Beasts
  8176 | Lair:1   | Received a gift from Okawaru
  8189 | Lair:1   | Reached skill level 13 in Maces & Flails
  8189 | Lair:1   | Reached XP level 12. HP: 56/67 MP: 12/12
  8194 | Lair:1   | Reached ****** piety under Okawaru
  8606 | Lair:2   | Reached skill level 10 in Shields
  9357 | Lair:3   | Received a gift from Okawaru
  9362 | Lair:3   | Got a dazzling hat {god gift}
  9368 | Lair:3   | Identified the -4 hat "Lyvvea" {rF+ MR+} (Okawaru gifted it to you on level 3 of the Lair of Beasts)
  9381 | Lair:3   | Found a staircase to the Snake Pit.
  9475 | Lair:3   | Found a labyrinth entrance.
  9487 | Lab      | Entered a labyrinth
  9823 | Lab      | Noticed a minotaur
  9832 | Lab      | Killed a minotaur
  9846 | Lab      | Identified the +5 whip "Feforuha" {antimagic, rC++ Dex+7 Stlth-} (You took it off a minotaur in a labyrinth)
  9946 | Lair:3   | Reached skill level 14 in Maces & Flails
 10201 | Lair:3   | Noticed a death yak
 10202 | Lair:3   | Noticed a death yak
 10203 | Lair:3   | Noticed a death yak
 10208 | Lair:3   | Noticed a death yak
 10226 | Lair:3   | Killed a death yak
 10249 | Lair:3   | Killed a death yak
 10271 | Lair:3   | Killed a death yak
 10287 | Lair:3   | Slain by a death yak

Vault maps used:
D:1:      lightli_arrival_statue_moat, minmay_misc_feat_tower
D:2:      cheibrodos_greedy_goblins, led_sif_pool, first_bread,
          kennysheep_generic_room_11
D:3:      grunt_gozag_breadcrumbs
D:4:      nicolae_overflow_hidden_temple, uniq_sigmund
D:5:      nemelex_altar_shiori, kennysheep_mini, temple_doors_e, serial_shops,
          nicolae_shop_stone, gup_sewer_entry_glass, nicolae_xom_altar_mimics
D:7:      cheibrodos_fzero, st_stairs_9, grunt_livestock, okawaru_gym_becter
D:8:      minmay_misc_feat_roman
D:9:      minmay_lair_entry_grove, uniq_erica
Lair:2:   minmay_lair_oklob_chamber
Lair:3:   guppyfry_snake_entry_island, lab_entry_generic, minivault_26,
          lemuel_old_faithful
Lab:      labyrinth_spiral, nicolae_lab_blocks, lab_hedge, nicolae_lab_grate,
          labyrinth_skeletal_remains, nicolae_lab_arrow, nicolae_lab_garden

Skill      XL: |  1  2  3  4  5  6  7  8  9 10 11 12 |
---------------+-------------------------------------+-----
Shields        | 4 5 6 7 8 9 10 | 10.7
Maces & Flails | 3 4 5 6 8 9 11 13 14 | 14.3
Dodging        | 1 2 |  2.1
Armour         | 4 5 6 7 8 9 |  9.7
Fighting       | 4 5 6 7 8 9 |  9.7
Stealth        | 1 |  1.4
Invocations    | |  0.2

Action                   |  1- 3 |  4- 6 |  7- 9 | 10-12 || total
-------------------------+-------+-------+-------+-------++-------
Melee: Flail             |   173 |   199 |    36 |       ||   408
       Headbutt          |       |    13 |    63 |   200 ||   276
       Morningstar       |       |       |   351 |   611 ||   962
       Whip              |       |       |       |    76 ||    76
Invok: Heroism           |       |       |       |     1 ||     1
  Use: Potion            |     2 |     3 |     3 |     5 ||    13
       Scroll            |     4 |     2 |     8 |    11 ||    25
  Eat: Chunk             |       |     8 |     9 |    14 ||    31
       Royal jelly       |       |       |       |     1 ||     1
Armor: Scale mail        |   143 |    61 |       |       ||   204
       Plate armour      |       |    43 |   245 |   330 ||   618
Dodge: Dodged            |    80 |    40 |    72 |   141 ||   333
Block: Shield            |   129 |    90 |   188 |   397 ||   804
